 Dungeon Crawl Stone Soup version 0.19.5 (webtiles) character file.

357 lauthentik the Chopper (level 6, 0/53 HPs)
             Began as a Hill Orc Fighter on Mar 30, 2017.
             Was a Follower of Beogh.
             Slain by a killer bee (3 damage)
             ... on level 4 of the Dungeon.
             The game lasted 00:10:06 (2507 turns).

lauthentik the Chopper (Hill Orc Fighter)           Turns: 2507, Time: 00:10:07

Health: 0/53       AC: 12    Str: 19    XL:     6   Next: 64%
Magic:  6/6        EV:  5    Int:  8    God:    Beogh [*.....]
Gold:   36         SH:  9    Dex: 12    Spells: 0 memorised, 5 levels left

rFire  + . .     SeeInvis .     a - +0 war axe
rCold  . . .     Gourm    .     y - +0 chain mail
rNeg   . . .     Faith    .     c - +0 shield
rPois  .         Spirit   .     v - +0 helmet
rElec  .         Reflect  .     (no cloak)
rCorr  .         Harm     .     t - +0 pair of gloves
MR     .....                    (no boots)
Stlth  ..........               (no amulet)
                                (no ring)
                                l - ring of protection from fire

@: no status effects
A: no striking features
a: Renounce Religion


You were on level 4 of the Dungeon.
You worshipped Beogh.
Beogh was aware of your devotion.
You were not hungry.

You visited 1 branch of the dungeon, and saw 4 of its levels.

You collected 169 gold pieces.
You spent 133 gold pieces at shops.

Inventory:

Hand Weapons
 a - a +0 war axe (weapon)
 u - a +0 short sword of draining
Missiles
 x - 3 tomahawks of returning (quivered)
Armour
 c - a +0 shield (worn)
 t - a +0 pair of gloves (worn)
 v - a +0 helmet (worn)
 y - a +0 chain mail (worn)
Jewellery
 l - a ring of protection from fire (left hand)
Scrolls
 e - 5 scrolls of identify
 g - 3 scrolls of remove curse
 h - a scroll of fear {unknown}
 i - a scroll of blinking {unknown}
 k - a scroll of amnesia {unknown}
 m - a scroll of immolation {unknown}
 p - a scroll of enchant weapon
 q - 3 scrolls of teleportation {unknown}
Potions
 d - 3 potions of might
 j - 2 potions of curing
 n - a potion of magic {unknown}
 w - a potion of lignification {unknown}
Comestibles
 f - 3 bread rations
 r - 2 meat rations
 s - a slice of pizza


   Skills:
 + Level 4.4 Fighting
 + Level 6.4 Axes
 + Level 4.7 Armour
 + Level 0.2 Dodging
 + Level 4.3 Shields


You had 5 spell levels left.
You didn't know any spells.

Dungeon Overview and Level Annotations

Branches:
Dungeon (4/15)
 Temple: D:4-7

Altars:

Shops:
D:4 ?


Message History

You barely miss the killer bee.
You feel sick.
The orc shouts!
The killer bee stings you.
* * * LOW HITPOINT WARNING * * *
You are more poisoned.
The killer bee poisons you! The killer bee barely misses you.
You block the killer bee's attack. The killer bee barely misses you.
The killer bee stings you!
* * * LOW HITPOINT WARNING * * *
The killer bee stings you but does no damage.
An orc priest comes into view. It is wielding a club.
* * * LOW HITPOINT WARNING * * *
You feel sick.
You feel better. The killer bee stings you.
* * * LOW HITPOINT WARNING * * *
You block the killer bee's attack.
Found a war axe.
The killer bee closely misses you. The killer bee stings you.
You die...

o.......o.# #.##
### .......#o.#
#..###..
.#######..#
##...... #..##
#.....#.
#.).###.###[..
###.#.<.[.# ###.
##........#####..
###y.#.####.....#.#
#.@y##..# #####...#
#.#####... ##...
..# ##++ #### ≈..#
P≈).# PP.# P♣. ♣


You could see 2 killer bees.

Vanquished Creatures
  The ghost of Squonk the Insei, an amateur DsTm (D:4)
  A bullfrog skeleton (D:3)
  2 orc wizards (D:4)
  A worker ant (D:4)
  An adder (D:3)
  3 oozes
  7 worms
  4 dart slugs
  A leopard gecko (D:2)
  8 orcs
  A giant cockroach (D:2)
  8 goblins
  5 hobgoblins
  5 jackals
  A quokka (D:3)
  A ball python (D:2)
  6 bats
  4 frilled lizards
  A jackal skeleton (D:4)
  6 kobolds
  3 rats
70 creatures vanquished.

Vanquished Creatures (others)
  An adder (D:2)
  A giant cockroach (D:3)
  A goblin (D:3)
  A frilled lizard (D:3)
  A rat (D:3)
5 creatures vanquished.

Grand Total: 75 creatures vanquished

Notes
Turn   | Place    | Note
-------+----------+-------------------------------------------
     0 | D:1      | lauthentik the Hill Orc Fighter began the quest for the Orb.
     0 | D:1      | Reached XP level 1. HP: 19/19 MP: 1/1
   167 | D:1      | Reached XP level 2. HP: 24/27 MP: 2/2
   562 | D:1      | Reached XP level 3. HP: 33/33 MP: 3/3
   802 | D:2      | Reached skill level 3 in Axes
   981 | D:2      | Reached XP level 4. HP: 30/40 MP: 4/4
  1137 | D:2      | Reached skill level 4 in Axes
  1256 | D:3      | Became a worshipper of Beogh the Brigand
  1381 | D:3      | Reached XP level 5. HP: 36/46 MP: 5/5
  2156 | D:4      | Noticed Squonk's ghost (amateur DsTm)
  2160 | D:4      | Reached skill level 5 in Axes
  2196 | D:4      | Killed Squonk's ghost
  2196 | D:4      | Reached XP level 6. HP: 33/53 MP: 6/6
  2225 | D:4      | Found Owko's Magic Scroll Shop.
  2242 | D:4      | Bought a scroll of identify for 28 gold pieces
  2242 | D:4      | Bought a scroll of enchant weapon for 105 gold pieces
  2282 | D:4      | Reached skill level 6 in Axes
  2307 | D:4      | Reached * piety under Beogh
  2502 | D:4      | HP: 1/53 [killer bee (7)]
  2507 | D:4      | Slain by a killer bee

Skill      XL: |  1  2  3  4  5  6 |
---------------+-------------------+-----
Fighting       | 4 |  4.4
Axes           | 3 4 5 6 |  6.4
Armour         | 4 |  4.7
Shields        | 4 |  4.3
Dodging        | |  0.2

Action                   |  1- 3 |  4- 6 || total
-------------------------+-------+-------++-------
Melee: War axe           |    96 |   210 ||   306
Invok: Convert to Beogh  |       |     1 ||     1
  Use: Scroll            |       |     2 ||     2
       Potion            |       |     1 ||     1
  Eat: Chunk             |       |     6 ||     6
Armor: Scale mail        |    24 |       ||    24
       Chain mail        |    30 |   111 ||   141
Dodge: Dodged            |    28 |    58 ||    86
Block: Shield            |    58 |    98 ||   156
       Buckler           |       |     2 ||     2
